 Dungeon Crawl Stone Soup version 0.24-a0-130-ga3c21ff (webtiles) character file.

Game seed: 15538174635257762441

18111 JeffiDaFish the Cleaver (level 12, -8/102 HPs)
             Began as a Demonspawn Berserker on Feb 26, 2019.
             Was a High Priest of Trog.
             Succumbed to Sonja's poison
             ... on level 3 of the Lair of Beasts.
             The game lasted 00:29:30 (11233 turns).

JeffiDaFish the Cleaver (Demonspawn Berserker)     Turns: 11233, Time: 00:29:31

Health: -8/102     AC: 27    Str: 21    XL:     12   Next: 24%
Magic:  2/4        EV: 14    Int:  9    God:    Trog [*****.]
Gold:   555        SH:  0    Dex: 12    Spells: 11/11 levels left

rFire    + . .     SeeInvis +   g - +8 executioner's axe (antimagic)
rCold    . . .     Gourm    .   (shield currently unavailable)
rNeg     . . .     Faith    .   w - +0 ring mail {rF+}
rPois    .         Spirit   +   p - +2 helmet {SInv}
rElec    .         Reflect  .   t - +0 cloak
rCorr    .         Harm     .   k - +2 pair of gloves
MR       .....                  o - +0 pair of boots
Stlth    +++.......             s - amulet of regeneration
HPRegen  0.67/turn              u - +5 ring of slaying
MPRegen  0.09/turn              v - ring of see invisible

@: lethally poisoned (-8 -> -89), sanguine armour, berserk cooldown, slowed,
very slow
A: clumsy 1, mutation resistance 1, nightstalker 2, magic shield, sanguine
armour 3
a: Berserk, Trog's Hand, Brothers in Arms, Renounce Religion


You were on level 3 of the Lair of Beasts.
You worshipped Trog.
Trog was extremely pleased with you.
You were very hungry.

You visited 3 branches of the dungeon, and saw 14 of its levels.

You collected 704 gold pieces.
You spent 149 gold pieces at shops.

Inventory:

Hand Weapons
 g - a +8 antimagic executioner's axe (weapon)
 z - a +1 battleaxe of electrocution
Armour
 k - a +2 pair of gloves (worn)
 o - a +0 pair of boots (worn)
 p - a +2 helmet of see invisible (worn)
 t - a +0 cloak (worn)
 w - a +0 ring mail of fire resistance (worn)
 A - a +2 chain mail of cold resistance
Jewellery
 d - an uncursed ring of flight
 f - an uncursed ring of poison resistance
 s - an amulet of regeneration (around neck)
 u - a +5 ring of slaying (left hand)
 v - a ring of see invisible (right hand)
 C - an uncursed ring of positive energy {unknown}
Wands
 a - a wand of paralysis (15)
 l - a wand of disintegration (18)
Scrolls
 b - a scroll of fear
 e - a scroll of blinking
 n - 3 scrolls of identify
 x - 5 scrolls of teleportation
 y - 2 scrolls of remove curse
Potions
 h - a potion of cancellation
 i - a potion of might
 j - a potion of curing
 m - a potion of agility
 r - a potion of haste
Comestibles
 c - 23 rations
 B - 4 chunks of flesh


   Skills:
 + Level 12.1 Fighting
 * Level 12.6 Axes
 + Level 7.1 Armour
 + Level 7.2 Dodging


You had 11 spell levels left.
You didn't know any spells.
Your spell library was empty.

Dungeon Overview and Level Annotations

Branches:
Dungeon (10/15)            Temple (1/1) D:7            Lair (3/6) D:10
 Shoals (0/4) Lair:2          Orc (0/2) D:9
  Snake: Lair:2-4    Spider: Lair:2-4

Altars:
Ashenzari
Gozag
Hepliaklqana
Kikubaaqudgha
Nemelex Xobeh
Okawaru
Ru
Sif Muna
Trog
Uskayaw
Yredelemnul
The Shining One
Jiyva

Shops:
D:4 *   D:7 (

Annotations:
D:3 Natasha
Lair:3 Sonja


Innate Abilities, Weirdness & Mutations

You are significantly more attuned to the shadows.
When hurt, damage is shared between your health and your magic reserves.
When seriously injured, your bleeding wounds create very thick armour. (AC +12)
You are clumsy. (Dex -2)
You are somewhat resistant to further mutation.


Message History

You are more poisoned.
Sonja misses you. Sonja barely misses you. Sonja hits you but does no damage.
You are more poisoned.
Sonja hits you but does no damage.
You are more poisoned.
You slash Sonja!
Sonja's magic leaks into the air.
Sonja is severely wounded.
* * * LOW HITPOINT WARNING * * *
You feel extremely sick. Sonja hits you but does no damage.
You are more poisoned.
Sonja closely misses you. x2; Sonja falters for a moment.
Sonja hits you but does no damage.
You are more poisoned.
Sonja hits you with a +0 short sword of venom.
* * * LOW HITPOINT WARNING * * *
Sonja hits you but does no damage.
You barely miss Sonja.
Sonja is severely wounded.
You die...

..K...≈#≈≈#≈≈
...#.#.≈≈§≈≈≈≈≈P. ..
##.........§.P
...####K#......## ....
......†.###.....## ....
#...#(######....P# .... #
#...............###.. ..
#...........[...##.# ..
##(##.##..#...>K@..##.#..
#....####.#.......<.....
.#.#.# ###.............
.... #.............
#..............
##.....####.... #....##
##..


You could see Sonja.

Vanquished Creatures
  A hydra (Lair:1)
  A two-headed ogre (D:8)
  The ghost of zhngchq the Basher, a journeyman GrFi of Wu Jian (Lair:1)
  An oklob plant (D:10)
  A merfolk siren (Lair:2)
  Psyche (D:8)
  A black mamba (Lair:1)
  A centaur skeleton (D:10)
  A spiny frog (Lair:2)
  3 komodo dragons
  A hornet (D:10)
  3 blink frogs (Lair:1)
  A hippogriff (Lair:2)
  28 yaks
  A wraith (D:10)
  Eustachio (D:4)
  2 wyverns
  3 hogs (D:7)
  A human (D:7)
  A hungry ghost (D:7)
  4 water moccasins
  Duvessa (D:5)
  5 porcupines
  5 orc warriors
  A sky beast (D:8)
  3 ice beasts
  4 ogres
  2 phantoms
  8 wolves
  3 centaurs
  3 crocodiles
  A gnoll sergeant (D:10)
  8 bullfrogs
  Dowan (D:5)
  2 scorpions
  4 killer bees (D:10)
  6 howler monkeys
  5 wights (D:7)
  3 crimson imps
  2 jellies
  2 bullfrog skeletons
  5 hounds
  8 orc priests
  10 orc wizards
  3 iguanas
  Natasha (D:3)
  5 worker ants
  A hound skeleton (D:8)
  Robin (D:2)
  13 gnolls
  12 adders
  2 shadow imps
  2 oozes
  5 worms
  3 dart slugs
  5 leopard geckos
  36 orcs
  9 bats
  7 giant cockroaches
  13 goblins
  16 hobgoblins
  4 jackals
  15 kobolds
  6 quokkas
  4 ball pythons
  4 frilled lizards
  A jackal zombie (D:6)
  3 rats
  16 plants
337 creatures vanquished.

Vanquished Creatures (collateral kills)
  A wolf (Lair:1)
  5 killer bees (D:10)
  A centaur zombie (D:10)
  An orc priest (D:10)
8 creatures vanquished.

Vanquished Creatures (others)
  3 fungi (Lair:2)
  2 plants (Lair:2)
5 creatures vanquished.

Grand Total: 350 creatures vanquished

Notes
Turn   | Place    | Note
-------+----------+-------------------------------------------
     0 | D:1      | JeffiDaFish the Demonspawn Berserker began the quest for
                  | the Orb.
     0 | D:1      | Reached XP level 1. HP: 18/18 MP: 1/1
   143 | D:1      | Gained mutation: When seriously injured, your bleeding
                  | wounds create armour. (AC +12) [demonic ancestry]
   143 | D:1      | Reached XP level 2. HP: 24/24 MP: 2/2
   434 | D:1      | Reached ** piety under Trog
   497 | D:1      | Reached XP level 3. HP: 22/29 MP: 3/3
   842 | D:2      | Found a shattered altar of Ashenzari.
   842 | D:2      | Found a glowing golden altar of the Shining One.
   843 | D:2      | Found a hazy altar of Hepliaklqana.
  1026 | D:2      | Found a basalt altar of Yredelemnul.
  1338 | D:2      | Noticed Robin
  1344 | D:2      | Gained mutation: You are slightly more attuned to the
                  | shadows. [demonic ancestry]
  1344 | D:2      | Reached XP level 4. HP: 31/37 MP: 4/4
  1362 | D:2      | Killed Robin
  1801 | D:2      | Gained mutation: When seriously injured, your bleeding
                  | wounds create thick armour. (AC +12) [demonic ancestry]
  1801 | D:2      | Reached XP level 5. HP: 26/42 MP: 5/5
  1882 | D:2      | Reached *** piety under Trog
  2590 | D:3      | Found a sparkling altar of Nemelex Xobeh.
  3495 | D:3      | Noticed an ice beast
  3506 | D:3      | Killed an ice beast
  3506 | D:3      | Gained mutation: When hurt, damage is shared between your
                  | health and your magic reserves. [demonic ancestry]
  3506 | D:3      | Reached XP level 6. HP: 49/49 MP: 6/6
  3545 | D:3      | Noticed Natasha
  3556 | D:3      | Killed Natasha
  3719 | D:3      | Noticed Natasha
  3775 | D:3      | Reached skill level 5 in Fighting
  3881 | D:4      | Reached XP level 7. HP: 56/56 MP: 7/7
  3957 | D:4      | Noticed Eustachio
  3969 | D:4      | Reached skill level 5 in Axes
  3975 | D:4      | Killed Eustachio
  3975 | D:4      | Reached **** piety under Trog
  4067 | D:4      | Found an ancient bone altar of Kikubaaqudgha.
  4075 | D:4      | Found Wostenydd's Assorted Antiques.
  4084 | D:4      | Bought a scroll labeled ACYOSSILIR for 23 gold pieces
  4084 | D:4      | Bought a cloak for 103 gold pieces
  4084 | D:4      | Bought a scroll labeled CEUNOPT IMNO for 23 gold pieces
  4924 | D:4      | Reached skill level 10 in Fighting
  4924 | D:4      | Gained mutation: You are significantly more attuned to the
                  | shadows. [demonic ancestry]
  4924 | D:4      | Reached XP level 8. HP: 70/73 MP: 8/8
  5088 | D:5      | Entered Level 5 of the Dungeon
  5122 | D:5      | Noticed Duvessa
  5135 | D:5      | Killed Duvessa
  5135 | D:5      | Noticed Dowan
  5143 | D:5      | Killed Dowan
  5429 | D:5      | Found a bloodstained altar of Trog.
  5542 | D:6      | Reached XP level 9. HP: 79/79 MP: 9/9
  6020 | D:6      | Reached skill level 10 in Axes
  6398 | D:7      | Found Tafriqal's Antique Weapon Boutique.
  6527 | D:7      | Found a deep blue altar of Sif Muna.
  6668 | D:7      | Reached XP level 10. HP: 80/86 MP: 8/10
  6857 | D:7      | Reached ***** piety under Trog
  6891 | D:7      | Identified the cursed +1 ring mail "Eseos" {rPois Slay+2
                  | SInv} (You found it on level 7 of the Dungeon)
  6893 | D:7      | Found a staircase to the Ecumenical Temple.
  6901 | Temple   | Entered the Ecumenical Temple
  7156 | D:8      | Received a gift from Trog
  7340 | D:8      | Noticed a two-headed ogre
  7343 | D:8      | Killed a two-headed ogre
  7370 | D:8      | Noticed Psyche
  7377 | D:8      | Killed Psyche
  7377 | D:8      | Reached skill level 5 in Armour
  7377 | D:8      | Reached skill level 5 in Dodging
  8308 | D:9      | Found a staircase to the Orcish Mines.
  8694 | D:9      | Found an opulent altar of Gozag.
  8770 | D:9      | You fall through a shaft!
  8770 | D:10     | Entered Level 10 of the Dungeon
  8773 | D:10     | Reached XP level 11. HP: 93/93 MP: 3/11
  8817 | D:10     | Noticed an oklob plant
  8823 | D:10     | Found a staircase to the Lair.
  8846 | D:10     | Killed an oklob plant
  9342 | Lair:1   | Entered Level 1 of the Lair of Beasts
  9378 | Lair:1   | Noticed a six-headed hydra
  9402 | Lair:1   | Killed a ten-headed hydra
  9786 | Lair:1   | Found a gate leading to a gauntlet.
  9957 | Lair:1   | Found a runed translucent door.
 10295 | Lair:1   | Noticed zhngchq's ghost (journeyman GrFi)
 10328 | Lair:1   | Killed zhngchq's ghost
 10563 | Lair:2   | Gained mutation: When seriously injured, your bleeding
                  | wounds create very thick armour. (AC +12) [demonic
                  | ancestry]
 10563 | Lair:2   | Reached XP level 12. HP: 65/102 MP: 1/12
 10652 | Lair:2   | Gained mutation: You are clumsy. (Dex -2) [potion of
                  | mutation]
 10652 | Lair:2   | Gained mutation: You are somewhat resistant to further
                  | mutation. [potion of mutation]
 10726 | Lair:2   | Received a gift from Trog
 11029 | Lair:2   | Found a dark tunnel.
 11088 | Lair:2   | Found a staircase to the Shoals.
 11180 | Lair:3   | Noticed Sonja
 11233 | Lair:3   | Succumbed to Sonja's poison

Levels and vault maps discovered:
D:1:      dpeg_arrival_brainrot, layout_basic, minmay_hexomino_c4
D:2:      layout_loops_ring, yredelemnul_altar_generic,
          chequers_temple_overflow_statue_of_worship, minmay_misc_feat_tiny,
          uniq_robin
D:3:      layout_loops_corners, lemuel_round_altar, serial_co_window_serial,
          co_window_corner_a, co_window_paths_a, co_window_paths_a,
          co_window_paths_a, co_window_paths_b, co_window_corner_a,
          co_window_paths_b, co_window_corner_cb, co_window_broadway_b,
          co_window_corner_b, glass_columns_b, glass_columns_c, uniq_natasha
D:4:      layout_basic, kiku_gazebo_garden_becter, serial_shops,
          nicolae_shop_overgrown_old_shop, uniq_eustachio
D:5:      layout_basic, lightli_temple_of_fire, first_ration, uniq_duvessa
D:6:      layout_loops_ring
D:7:      layout_rooms, led_sif_pool, minmay_temple_entry_junction_2,
          serial_shops, shop_fountains, grunt_livestock
D:8:      layout_basic, uniq_psyche
D:9:      layout_stronghold, grunt_temple_overflow_forces_of_nature,
          grunt_gozag_statues, erik_orc_3, kennysheep_generic_room_16,
          uniq_joseph
D:10:     layout_rooms, dpeg_oklobed_lair
Temple:   pf_slime_end_temple
Lair:1:   layout_hall_layers, ebering_ghost_reflecting_pool,
          gauntlet_entry_generic, serial_bayou_crossing, grunt_megastairs_1
Lair:2:   layout_misc_corridors, minmay_shoals_entry_lonely_mermaid,
          enter_volcano_4, serial_bayou_pond_c
Lair:3:   layout_gridlike, spider_nest_entry_webs, st_stairs_4,
          serial_bayou_pond_c, uniq_sonja

Skill      XL: |  1  2  3  4  5  6  7  8  9 10 11 12 |
---------------+-------------------------------------+-----
Axes           | 3 4 9 10 11 12 | 12.6
Armour         | 2 3 4 5 6 7 |  7.1
Dodging        | 2 3 4 5 6 7 |  7.2
Fighting       | 4 5 10 11 12 | 12.1

Action                   |  1- 3 |  4- 6 |  7- 9 | 10-12 || total
-------------------------+-------+-------+-------+-------++-------
Melee: Hand axe          |   130 |   176 |   228 |       ||   534
       Battleaxe         |       |       |    76 |    46 ||   122
       Executioner's axe |       |       |       |   321 ||   321
Invok: Berserk           |     2 |     3 |     4 |    10 ||    19
       Brothers in Arms  |       |       |       |     2 ||     2
       Trog's Hand       |       |       |       |     1 ||     1
 Abil: Evoke Flight      |     1 |       |       |       ||     1
  Use: Scroll            |     8 |     2 |     6 |    12 ||    28
       Potion            |     1 |     1 |     2 |    15 ||    19
 Stab: Sleeping          |       |     4 |     7 |     6 ||    17
       Distracted        |       |       |     1 |       ||     1
  Eat: Chunk             |     3 |     7 |    13 |    22 ||    45
       Ration            |       |     1 |       |     1 ||     2
Armor: Animal skin       |    50 |    27 |       |       ||    77
       Leather armour    |       |    15 |    89 |       ||   104
       Ring mail         |       |       |    28 |   205 ||   233
Dodge: Dodged            |   118 |    91 |   189 |   354 ||   752

Table legend:
 A = Non-vault XP
 B = Vault XP
 C = Vault XP percentage of total XP
 D = Non-vault monster count
 E = Vault monster count
 F = Vault count percentage of total count
                 A         B        C        D         E       F
            +---------+---------+-------+---------+---------+-------
      Total |   19361 |    5329 |  21.6 |     276 |      53 |  16.1
            +---------+---------+-------+---------+---------+-------
        D:1 |      39 |      20 |  33.9 |      18 |      12 |  40.0
        D:2 |     137 |      37 |  21.3 |      24 |      12 |  33.3
        D:3 |     391 |      35 |   8.2 |      28 |       1 |   3.4
        D:4 |     374 |     202 |  35.1 |      15 |       1 |   6.2
        D:5 |     119 |     223 |  65.2 |       7 |       2 |  22.2
        D:6 |    1028 |       0 |   0.0 |      24 |       0 |   0.0
        D:7 |    1286 |    1002 |  43.8 |      22 |       5 |  18.5
        D:8 |    2060 |     463 |  18.4 |      39 |       1 |   2.5
        D:9 |    1637 |     492 |  23.1 |      16 |      14 |  46.7
       D:10 |    2914 |     587 |  16.8 |      32 |       1 |   3.0
     Lair:1 |    3340 |    1762 |  34.5 |      19 |       3 |  13.6
     Lair:2 |    4505 |     506 |  10.1 |      24 |       1 |   4.0
     Lair:3 |    1531 |       0 |   0.0 |       8 |       0 |   0.0
            +---------+---------+-------+---------+---------+-------
